 Dungeon Crawl Stone Soup version 0.29.1-12-g30fa7ad0bf (webtiles) character file.

Game seed: 2677092570755659883

8731 cheesebisquit the Severer (level 11, -3/85 HPs)
             Began as a Minotaur Berserker on Jan 5, 2023.
             Was an Elder of Trog.
             Slain by a two-headed ogre
             ... wielding a +0 giant club
              (18 damage)
             ... on level 10 of the Dungeon.
             The game lasted 00:43:44 (9643 turns).

cheesebisquit the Severer (Minotaur Berserker)      Turns: 9643, Time: 00:43:45

Health: -3/85      AC: 11    Str: 31    XL:     11   Next: 13%
Magic:  10/10      EV: 10    Int:  4    God:    Trog [****..]
Gold:   399        SH: 17    Dex: 15    Spells: 10/10 levels left

rFire   . . .      SeeInvis .   t - +1 war axe
rCold   . . .      Faith    .   a - +1 kite shield of the Engineer {Dex+4}
rNeg    . . .      Spirit   .   v - +0 scale mail
rPois   .          Reflect  +   (helmet restricted)
rElec   .          Harm     .   (no cloak)
rCorr   .          Rampage  .   F - +0 pair of gloves
Will    ++...                   y - +2 pair of boots
Stlth   ..........              L - amulet of reflection
HPRegen 1.24/turn               H - ring of flight
MPRegen 0.12/turn               B - +6 ring of strength

@: about to teleport, strong-willed, flying, regenerating
A: horns 2, retaliatory headbutt
a: Renounce Religion, Berserk, Trog's Hand, Brothers in Arms


You were on level 10 of the Dungeon.
You worshipped Trog.
Trog was greatly pleased with you.
You visited 1 branch of the dungeon, and saw 10 of its levels.

You collected 399 gold pieces.

Inventory:

Hand Weapons
 b - the +6 sling "Tunufrif" {vorpal, Will+}
   (You found it on level 5 of the Dungeon)

   Any ammunition fired from it inflicts extra damage upon your enemies.
   Will:      It increases your willpower.
 t - a +1 war axe (weapon)
 J - a +0 morningstar
Missiles
 p - 3 silver javelins (quivered)
 q - 84 stones
 u - 7 poisoned darts
Armour
 a - the +1 kite shield of the Engineer (worn) {Dex+4}
   (You found it on level 7 of the Dungeon)

   Dex:       It affects your dexterity (+4).
 v - a +0 scale mail (worn)
 x - a +0 ring mail
 y - a +2 pair of boots (worn)
 D - a +0 animal skin
 F - a +0 pair of gloves (worn)
Jewellery
 r - an amulet of the acrobat
 z - the amulet of Plog {Acrobat Rampage rCorr Str+4 Int+3}
   (You found it on level 4 of the Dungeon)

   [amulet of the acrobat]

   It increases your evasion while moving and waiting.
   Str:       It affects your strength (+4).
   Int:       It affects your intelligence (+3).
   rCorr:     It protects you from acid and corrosion.
   Rampage:   It bestows one free step when moving towards enemies.
 B - a +6 ring of strength (right hand)
 H - a ring of flight (left hand)
 L - an amulet of reflection (around neck)
Wands
 k - a wand of roots (1)
 K - a wand of mindburst (12)
 M - a wand of paralysis (2)
Scrolls
 d - 2 scrolls of vulnerability
 f - 2 scrolls of noise
 i - a scroll of fear {unknown}
 j - a scroll of poison
 l - a scroll of fog {unknown}
 m - 4 scrolls of silence {unknown}
 o - a scroll of brand weapon {unknown}
 E - 2 scrolls of blinking {unknown}
 N - a scroll of identify
 P - a scroll of torment {unknown}
Potions
 e - 3 potions of curing
 g - 3 potions of flight
 h - a potion of magic
 n - 2 potions of resistance
 s - 2 potions of mutation
 w - a potion of lignification {unknown}
 A - a potion of haste {unknown}
 C - 4 potions of ambrosia
 G - 2 potions of might
 I - 2 potions of berserk rage {unknown}
 O - a potion of cancellation {unknown}


   Skills:
 + Level 4.7 Fighting
 - Level 17.8 Axes
 + Level 3.8 Armour
 - Level 2.6 Dodging
 + Level 9.1 Shields


You had 10 spell levels left.
You didn't know any spells.
Your spell library was empty.

Dungeon Overview and Level Annotations

Branches:
Dungeon (10/15)            Temple (0/1) D:4
   Lair: D:8-11         Orc: D:9-12

Altars:
Ashenzari
Gozag
Kikubaaqudgha
Makhleb
Nemelex Xobeh
Sif Muna
Trog
Zin
The Shining One

Shops:
D:9 (


Innate Abilities, Weirdness & Mutations

You have a pair of horns on your head.
You reflexively headbutt those who attack you in melee.


Message History

Trog accepts your kill.
Things that are here:
a +0 short sword; a +0 morningstar; a +0 leather armour
g - 3 potions of flight (gained 1)
Found a bardiche.
I - 2 coppery potions (gained 1)
Found 3 javelins.
You now have 380 gold pieces (gained 16).
You see here a +0 ring mail.
You now have 399 gold pieces (gained 19).
Found a burning altar of Makhleb.
A two-headed ogre comes into view.
It is wielding a +0 giant club and a +0 giant spiked club.
Found a glowing golden altar of the Shining One.
A two-headed ogre is nearby!
Found a bloodstained altar of Trog and a glowing silver altar of Zin.
The two-headed ogre hits you with a +0 giant club!!
The two-headed ogre barely misses you.
You slash the two-headed ogre!
Your headbutt misses the two-headed ogre.
The two-headed ogre is lightly wounded.
You slash the two-headed ogre! You headbutt the two-headed ogre!
The two-headed ogre is severely wounded.
The two-headed ogre hits you with a +0 giant club!!
You block the two-headed ogre's attack.
You hit the two-headed ogre but do no damage.
The two-headed ogre is severely wounded.
You block the two-headed ogre's attack.
The two-headed ogre hits you with a +0 giant spiked club!
* * * LOW HITPOINT WARNING * * *
You feel better.
Your skin crawls.
You feel strong-willed.
The two-headed ogre completely misses you.
The two-headed ogre hits you with a +0 giant spiked club!
* * * LOW HITPOINT WARNING * * *
As you read the scroll of teleportation, it crumbles to dust.
You feel strangely unstable. The two-headed ogre barely misses you.
You furiously retaliate!
You headbutt the two-headed ogre.
The two-headed ogre hits you with a +0 giant spiked club!!
You die...

.......#
#.#
###.####.#
#...#.##
####.#####
.... #.#
##.####
#........#
##.# #..
#.#
#.##.###.#
#.# #.#
#.##.# #.#
#.# #+#
########.#
#_.#._#.#
#.....#.#
PPO@.#
#.....#.#
#_.#._#...
##
########


You could see a two-headed ogre.

Vanquished Creatures
  2 two-headed ogres
  Maggie (D:9)
  A hornet (D:8)
  2 trolls
  Sigmund (D:2)
  2 wyverns
  14 yaks
  A steam dragon (D:9)
  2 swamp worms (D:9)
  An acid dragon (D:7)
  An orc warrior (D:9)
  An ice beast (D:7)
  2 sky beasts
  2 black bears (D:6)
  4 phantoms
  An ogre (D:5)
  3 centaurs
  A kobold brigand (D:9)
  A bullfrog (D:7)
  4 scorpions
  Blork the orc (D:4)
  A gnoll sergeant (D:8)
  10 wights
  4 killer bees (D:10)
  A vampire bat (D:3)
  4 howler monkeys
  5 orc priests
  4 hounds
  A jelly (D:6)
  3 gnoll boudas
  6 orc wizards
  Jessica (D:2)
  2 iguanas
  A mummy (D:4)
  Robin (D:2)
  19 gnolls
  10 adders
  3 ufetubi
  4 worms
  3 dart slugs
  3 fire bats (D:3)
  29 orcs
  2 spectral bats (D:3)
  3 bat skeletons (D:3)
  A bat zombie (D:3)
  4 endoplasms
  2 giant cockroaches
  16 hobgoblins
  7 jackals
  16 kobolds
  5 quokkas
  10 ball pythons
  17 bats
  A bat simulacrum (D:3)
  3 frilled lizards
  10 goblins
  3 hobgoblin zombies (D:4)
  A kobold zombie (D:4)
  3 rats
267 creatures vanquished.

Vanquished Creatures (others)
  A human (D:4)
  A kobold brigand (D:8)
  2 kobolds (D:9)
  4 plants (D:9)
8 creatures vanquished.

Grand Total: 275 creatures vanquished

Notes
Turn   | Place    | Note
-------+----------+-------------------------------------------
     0 | D:1      | cheesebisquit the Minotaur Berserker began the quest for
                  | the Orb.
     0 | D:1      | Reached XP level 1. HP: 19/19 MP: 0/0
   170 | D:1      | Reached XP level 2. HP: 25/27 MP: 1/1
   390 | D:1      | Reached skill level 4 in Axes
   599 | D:2      | Noticed Robin
   601 | D:2      | Noticed Sigmund
   606 | D:2      | Reached XP level 3. HP: 31/33 MP: 2/2
   609 | D:2      | Reached ** piety under Trog
   614 | D:2      | Killed Robin
   885 | D:2      | Killed Sigmund
   886 | D:2      | Reached skill level 7 in Axes
   886 | D:2      | Reached XP level 4. HP: 40/40 MP: 3/3
   886 | D:2      | Reached XP level 5. HP: 46/46 MP: 4/4
   910 | D:2      | Noticed Jessica
   915 | D:2      | Killed Jessica
  1202 | D:2      | Reached XP level 6. HP: 52/52 MP: 5/5
  1880 | D:3      | Found a faded altar of an unknown god.
  1891 | D:3      | Reached skill level 8 in Axes
  1916 | D:3      | Noticed an eye of devastation
  1921 | D:3      | Noticed an eye of devastation
  1926 | D:3      | Noticed a golden eye
  1934 | D:3      | Noticed a floating eye
  2267 | D:3      | Reached *** piety under Trog
  2533 | D:3      | Reached skill level 9 in Axes
  2655 | D:4      | Identified the amulet of Plog {Acrobat Rampage rCorr Str+4
                  | Int+3}
  2681 | D:4      | Reached XP level 7. HP: 44/59 MP: 6/6
  3011 | D:4      | Noticed Blork the orc
  3017 | D:4      | Killed Blork the orc
  3024 | D:4      | Reached skill level 10 in Axes
  3036 | D:4      | Found an ancient bone altar of Kikubaaqudgha.
  3037 | D:4      | Noticed a human
  3039 | D:4      | Killed a human
  3371 | D:4      | Found a staircase to the Ecumenical Temple.
  3466 | D:4      | Reached **** piety under Trog
  3643 | D:5      | Entered Level 5 of the Dungeon
  3750 | D:5      | Reached skill level 11 in Axes
  3792 | D:5      | Identified the +6 sling "Tunufrif" {vorpal, Will+}
  3866 | D:5      | Reached XP level 8. HP: 55/66 MP: 7/7
  3967 | D:5      | Found a broken altar of Ashenzari.
  4025 | D:5      | Identified the +1 great mace of Light {vorpal, rN+}
  4402 | D:5      | Reached skill level 12 in Axes
  5064 | D:6      | Found a shimmering blue altar of Sif Muna.
  5088 | D:6      | Found an opulent altar of Gozag.
  5095 | D:6      | Reached skill level 13 in Axes
  5587 | D:7      | Reached XP level 9. HP: 71/71 MP: 8/8
  5589 | D:7      | Reached skill level 14 in Axes
  6020 | D:7      | Reached skill level 15 in Axes
  6032 | D:7      | Identified the +1 kite shield of the Engineer {Dex+4}
  6642 | D:8      | Reached skill level 16 in Axes
  6803 | D:8      | Noticed a two-headed ogre
  6809 | D:8      | Killed a two-headed ogre
  6810 | D:8      | Reached XP level 10. HP: 78/78 MP: 9/9
  6859 | D:8      | Reached skill level 17 in Axes
  6981 | D:8      | Identified the +11 trident "Unaor" {vorpal, +Blink Int+2
                  | Dex+4}
  7325 | D:8      | Found a sparkling altar of Nemelex Xobeh.
  8068 | D:9      | Found Zaschud's Antique Weapon Shop.
  8226 | D:9      | Reached skill level 1 in Shields
  8301 | D:9      | Noticed Maggie
  8308 | D:9      | Killed Maggie
  8576 | D:9      | Reached skill level 5 in Shields
  9072 | D:10     | Entered Level 10 of the Dungeon
  9108 | D:10     | Noticed a two-headed ogre
  9112 | D:10     | Killed a two-headed ogre
  9240 | D:10     | Reached XP level 11. HP: 71/84 MP: 10/10
  9635 | D:10     | Found a burning altar of Makhleb.
  9636 | D:10     | Found a glowing golden altar of the Shining One.
  9636 | D:10     | Noticed a two-headed ogre
  9637 | D:10     | Found a bloodstained altar of Trog.
  9637 | D:10     | Found a glowing silver altar of Zin.
  9643 | D:10     | Slain by a two-headed ogre

Illustrated notes

Levels and vault maps discovered:
D:1:      psy_arrival_spokes, layout_rooms
D:2:      layout_basic, grunt_ministairs_6, uniq_jessica, uniq_sigmund,
          uniq_robin
D:3:      layout_loops_ring, hellmonk_ecumenical_altar_watching_god,
          grunt_ministairs_13, goddamned_bats
D:4:      minmay_opposing_rooms, layout_loops_cross, tgw_kikubaaqudgha,
          minmay_temple_entry_proselytizer, minmay_mini_ossuary,
          uniq_blork_the_orc
D:5:      layout_basic, mainiacjoe_overflow_cross_hatched,
          kennysheep_generic_room_3
D:6:      layout_rooms, mainiacjoe_overflow_catwalk, mainiacjoe_overflow_paths,
          nrook_campfire
D:7:      layout_basic
D:8:      layout_basic, nemelex_spade_bored_becter
D:9:      layout_basic, serial_shops, shop, worms_lemuel, uniq_maggie
D:10:     layout_loops_corners, mainiacjoe_overflow_alcove_3,
          ebering_ghost_inner_flame, nicolae_two_hexagons

Skill      XL: |  1  2  3  4  5  6  7  8  9 10 11 |
---------------+----------------------------------+-----
Axes           | 4 7 9 11 13 16 17 | 17.8
Fighting       | 4 |  4.7
Armour         | 3 |  3.8
Shields        | 8 9 |  9.1
Dodging        | |  2.6

Action                   |  1- 3 |  4- 6 |  7- 9 | 10-12 || total
-------------------------+-------+-------+-------+-------++-------
Melee: Hand axe          |    62 |   125 |   278 |       ||   465
       Headbutt          |    12 |    13 |    50 |    37 ||   112
       Punch             |       |     2 |       |       ||     2
       War axe           |       |       |    30 |   171 ||   201
Throw: Javelin           |       |     3 |       |       ||     3
Invok: Berserk           |     2 |     2 |     4 |     3 ||    11
       Trog's Hand       |     1 |       |     1 |     7 ||     9
  Use: Scroll            |       |     6 |    11 |     2 ||    19
       Potion            |       |       |       |     5 ||     5
Armor: Animal skin       |     8 |     6 |       |       ||    14
       Scale mail        |       |    27 |   104 |    33 ||   164
Dodge: Dodged            |    55 |    93 |   115 |    37 ||   300
Block: Kite shield       |       |       |   103 |   117 ||   220
       Reflection        |       |       |     3 |     3 ||     6
